 Dungeon Crawl Stone Soup version 0.22.0-38-g04b72b8 (webtiles) character file.

9 crux the Sneak (level 2, -1/13 HPs)
             Began as a Spriggan Enchanter on Aug 25, 2018.
             Slain by a frilled lizard (3 damage)
             ... on level 1 of the Dungeon.
             The game lasted 00:03:43 (733 turns).

crux the Sneak (Spriggan Enchanter)                  Turns: 733, Time: 00:03:44

Health: -1/13      AC:  2    Str:  4    XL:     2   Next: 3%
Magic:  4/6        EV: 18    Int: 16    God:
Gold:   40         SH:  0    Dex: 16    Spells: 3/6 levels left

rFire    . . .     SeeInvis +   a - +1 dagger
rCold    . . .     Gourm    .   (shield restricted)
rNeg     . . .     Faith    .   b - +0 robe
rPois    .         Spirit   .   (helmet restricted)
rElec    .         Reflect  .   (no cloak)
rCorr    .         Harm     .   (gloves unavailable)
MR       .....                  (boots unavailable)
Stlth    +++.......             (no amulet)
HPRegen  0.04/turn              (no ring)
MPRegen  0.10/turn              (no ring)

@: very quick
A: very small, unfitting armour, see invisible, herbivore, speed 3, slow
metabolism 2
a: no special abilities


You were on level 1 of the Dungeon.
You were not hungry.

You visited 1 branch of the dungeon, and saw 3 of its levels.

You collected 40 gold pieces.

Inventory:

Hand Weapons
 a - a +1 dagger (weapon)
Armour
 b - a +0 robe (worn)
 e - a +0 cloak
Scrolls
 f - a scroll of magic mapping {unknown}
 g - a scroll of enchant weapon {unknown}
 h - 2 scrolls of remove curse {unknown}
 j - a scroll of identify {unknown}
Potions
 c - a potion of invisibility {unknown}
 i - a potion of haste {unknown}
 k - a potion of agility {unknown}
Comestibles
 d - 3 rations


   Skills:
 + Level 1.1 Short Blades
 + Level 3.0 Dodging
 * Level 4.8 Stealth
 * Level 2.9 Spellcasting
 * Level 3.9 Hexes


You had 3 spell levels left.
You knew the following spells:

 Your Spells              Type           Power        Failure   Level  Hunger
a - Corona                Hex            ###....      3%          1    #......
b - Ensorcelled Hibernat  Hex/Ice        #.....       13%         2    ##.....

Your spell library contained the following spells:

 Spells                   Type           Power        Failure   Level  Hunger
 Confuse                  Hex            ###.....     11%         3    ###....
 Tukima's Dance           Hex            ###.....     11%         3    ###....
 Dazzling Spray           Conj/Hex       #.....       26%         3    ###....


Dungeon Overview and Level Annotations

Branches:
Dungeon (3/15)

Altars:

Annotations:
D:3 Natasha, Robin


Innate Abilities, Weirdness & Mutations

You are very small and have problems with some larger weapons.
You are too small for most types of armour.
You have supernaturally acute eyesight. (SInv)
You are a herbivore.
You cover ground extremely quickly.
You need to consume almost no food.


Message History

The frilled lizard hisses angrily.
The frilled lizard closely misses you.
Casting: Ensorcelled Hibernation (safe; 13% risk of failure)
Confirm with . or Enter, or press ? or * to list all spells.
Aiming: Corona (safe; 3% risk of failure)
Press: ? - help, Shift-Dir - straight line, f - frilled lizard
Aim: a frilled lizard (chance to defeat MR: 69%)
The frilled lizard is outlined in light.
You barely miss the frilled lizard.
The frilled lizard bites you but does no damage.
You hit the frilled lizard but do no damage.
The frilled lizard misses you.
You closely miss the frilled lizard. The frilled lizard barely misses you.
You hit the frilled lizard.
The frilled lizard is heavily wounded.
The frilled lizard misses you.
You barely miss the frilled lizard.
The frilled lizard is heavily wounded.
The frilled lizard bites you.
You die...

#......... #..#
#..... .###..# #
#.... .....#
####..#
#........#
...#..# #...
...# ##....#
#..# #..#
####..# #..#
#..# #
#..####..# #l.#
# #........#
#@.# #
#........####..#
#
#(.............#
#
#..###.........#
#..# #.........#
#..# #..#####..#
#..###..# #..#
#.......# #..#
#.......# #..#


You could see a frilled lizard.

Vanquished Creatures
  A dart slug (D:1)
  A hobgoblin (D:1)
  2 kobolds (D:1)
  A bat (D:2)
  A frilled lizard (D:1)
  A goblin (D:1)
  A rat (D:1)
8 creatures vanquished.

Notes
Turn   | Place    | Note
-------+----------+-------------------------------------------
     0 | D:1      | crux the Spriggan Enchanter began the quest for the Orb.
     0 | D:1      | Reached XP level 1. HP: 9/9 MP: 5/5
   155 | D:3      | Noticed Robin
   203 | D:3      | Noticed Natasha
   303 | D:1      | Upgraded the game from 0.22.0-36-g8e74550 to 0.22.0-38-g04b72b8
   620 | D:1      | Reached XP level 2. HP: 4/13 MP: 6/6
   628 | D:1      | Learned a level 2 spell: Ensorcelled Hibernation
   733 | D:1      | Slain by a frilled lizard

Action                   || total
-------------------------++-------
Melee: Dagger            ||    34
 Cast: Corona            ||    10
       Ensorcelled Hiber ||     3
 Stab: Sleeping          ||     2
Armor: Robe              ||     2
Dodge: Dodged            ||    26
